 Dungeon Crawl Stone Soup version 0.21-a0-528-gf531e82 (webtiles) character file.

97 robertstho the Magician (level 4, -6/24 HPs)
             Began as a Deep Elf Air Elementalist on Dec 8, 2017.
             Mangled by a gnoll
             ... wielding a +0 spear
              (9 damage)
             ... on level 3 of the Dungeon.
             The game lasted 00:08:12 (2153 turns).

robertstho the Magician (Deep Elf Air Elementalist) Turns: 2153, Time: 00:08:13

Health: -6/24      AC:  2    Str: 10    XL:     4   Next: 42%
Magic:  3/12       EV: 13    Int: 21    God:
Gold:   68         SH:  0    Dex: 15    Spells: 10/11 levels left

rFire    . . .     SeeInvis .   s - +2 falchion (holy)
rCold    . . .     Gourm    .   (no shield)
rNeg     . . .     Faith    .   a - +0 robe
rPois    .         Spirit   .   (no helmet)
rElec    .         Reflect  .   (no cloak)
rCorr    .         Harm     .   (no gloves)
MR       .....                  (no boots)
Stlth    ++........             (no amulet)
HPRegen  0.08/turn              (no ring)
MPRegen  0.13/turn              (no ring)

@: mighty
A: no striking features
a: no special abilities


You were on level 3 of the Dungeon.
You were not hungry.

You visited 1 branch of the dungeon, and saw 3 of its levels.

You collected 68 gold pieces.

Inventory:

Hand Weapons
 i - a +0 short sword
 j - a cursed -3 hunting sling
 s - a +2 falchion of holy wrath (weapon)
Missiles
 l - 43 sling bullets
 m - 45 stones (quivered)
 p - 23 bolts
 r - 3 tomahawks
Armour
 a - a +0 robe (worn)
Scrolls
 d - 6 scrolls of identify {unknown}
 e - 2 scrolls of remove curse {unknown}
 k - 2 scrolls of fear {unknown}
 t - a scroll of enchant armour {unknown}
Potions
 f - a potion of degeneration {unknown}
 h - a potion of might
 n - a potion of agility {unknown}
 o - a potion of lignification {unknown}
Books
 b - a book of Air

   Spells                             Type                      Level
   a - Shock                          Conjuration/Air              1
   b - Swiftness                      Charms/Air                   2
   c - Static Discharge               Conjuration/Air              3
   d - Airstrike                      Air                          4
   e - Lightning Bolt                 Conjuration/Air              5
Comestibles
 c - a bread ration
 g - 2 meat rations


   Skills:
 + Level 0.1 Fighting
 + Level 2.8 Dodging
 + Level 2.8 Stealth
 + Level 0.2 Unarmed Combat
 + Level 4.4 Spellcasting
 + Level 1.8 Conjurations
 + Level 3.9 Air Magic


You had 10 spell levels left.
You knew the following spells:

 Your Spells              Type           Power        Failure   Level  Hunger
a - Shock                 Conj/Air       ###.         3%          1    None


Dungeon Overview and Level Annotations

Branches:
Dungeon (3/15)

Altars:


Message History

The gnoll misses you.
The gnoll hits you from afar with a spear!
* * * LOW HITPOINT WARNING * * *
Casting: Shock
Confirm with . or Enter, or press ? or * to list all spells.
Aiming: Shock
Press: ? - help, Shift-Dir - straight line, f/p - gnoll
Aim: a gnoll (severely wounded)
The zap misses the gnoll.
The gnoll barely misses you.
The gnoll hits you from afar with a spear.
* * * LOW HITPOINT WARNING * * *
It was a potion of might.
You feel very mighty all of a sudden. The gnoll barely misses you.
You riposte.
A jackal comes into view.
The jackal barks!
You slash the gnoll!
You kill the gnoll!
The gnoll hits you from afar with a spear!
You die...

. .. # ...
##h####+###..
+..........#
#........#
#....@...#
#........#
#..g.....#
#........#
#........#
..........#
....####...#
.... ...#


You could see a gnoll and a jackal.

Vanquished Creatures
  2 adders
  2 gnolls (D:3)
  An ooze (D:1)
  2 worms (D:2)
  A dart slug (D:1)
  2 leopard geckos
  5 giant cockroaches
  4 goblins
  10 hobgoblins
  8 bats
  3 frilled lizards
  4 kobolds
  2 rats (D:2)
46 creatures vanquished.

Notes
Turn   | Place    | Note
-------+----------+-------------------------------------------
     0 | D:1      | robertstho the Deep Elf Air Elementalist began the quest for the Orb.
     0 | D:1      | Reached XP level 1. HP: 10/10 MP: 6/6
   168 | D:1      | Reached XP level 2. HP: 10/15 MP: 0/8
   941 | D:1      | Reached XP level 3. HP: 18/19 MP: 6/9
  1776 | D:2      | Reached skill level 4 in Spellcasting
  2011 | D:2      | Reached XP level 4. HP: 24/24 MP: 4/12
  2153 | D:3      | Mangled by a gnoll

Vault maps used:
D:1:      dpeg_arrival_concentric_ovals, solitary_fountain
D:3:      uniq_terence

Skill      XL: |  1  2  3 |
---------------+----------+-----
Spellcasting   | 4 |  4.4
Fighting       | |  0.1
Dodging        | |  2.8
Stealth        | |  2.8
Unarmed Combat | |  0.2
Conjurations   | |  1.8
Air Magic      | |  3.9

Action                   |  1- 3 |  4- 6 || total
-------------------------+-------+-------++-------
Melee: Unarmed           |    37 |       ||    37
       Short sword       |     1 |       ||     1
 Cast: Shock             |   102 |    11 ||   113
  Use: Potion            |       |     1 ||     1
  Eat: Meat ration       |     1 |       ||     1
Armor: Robe              |    14 |       ||    14
Dodge: Dodged            |    44 |     4 ||    48
       Rpst.: Falchion   |       |     1 ||     1

Table legend:
 A = Spawn XP
 B = Non-spawn XP
 C = Spawn XP percentage of total XP
 D = Spawn monster count
 E = Non-spawn monster count
 F = Spawn count percentage of total count
 G = Total turns spent on level
                    A         B        C        D         E        F      G
               +---------+---------+-------+---------+---------+-------+---------
         Total |       0 |     139 |   0.0 |       0 |      46 |   0.0 |  2153
               +---------+---------+-------+---------+---------+-------+---------
           D:1 |       0 |      42 |   0.0 |       0 |      20 |   0.0 |  1313
           D:2 |       0 |      56 |   0.0 |       0 |      23 |   0.0 |   829
           D:3 |       0 |      41 |   0.0 |       0 |       3 |   0.0 |    11
               +---------+---------+-------+---------+---------+-------+---------
